 Dungeon Crawl Stone Soup version 0.30-a0-4-ga7cffc901d (webtiles) character file.

Game seed: 11677542108728037832

2651 Flugkiller the Cleaver (level 9, -2/80 HPs)
             Began as a Minotaur Fighter on Aug 21, 2022.
             Was a Priest of Okawaru.
             Slain by a yak (11 damage)
             ... on level 8 of the Dungeon.
             The game lasted 00:04:17 (5737 turns).

Flugkiller the Cleaver (Minotaur Fighter)           Turns: 5737, Time: 00:04:18

Health: -2/80      AC: 18    Str: 22    XL:     9   Next: 36%
Magic:  10/11      EV: 12    Int:  5    God:    Okawaru [***...]
Gold:   409        SH:  6    Dex: 13    Spells: 8/8 levels left

rFire   . . .      SeeInvis .    a - +0 war axe
rCold   . . .      Faith    .    c - +0 buckler
rNeg    . . .      Spirit   .    b - +0 scale mail
rPois   +          Reflect  .    (helmet restricted)
rElec   .          Harm     .    n - +0 cloak
rCorr   .          Rampage  .    f - +2 pair of gloves
Will    .....                    (no boots)
Stlth   +.........               A - amulet of regeneration
HPRegen 1.03/turn                o - ring of poison resistance
MPRegen 0.12/turn                p - +4 ring of protection

@: heroic
A: horns 2, retaliatory headbutt
a: Renounce Religion, Heroism


You were on level 8 of the Dungeon.
You worshipped Okawaru.
Okawaru was most pleased with you.
You visited 1 branch of the dungeon, and saw 8 of its levels.
You also visited: Sewer.

You collected 433 gold pieces.
You spent 24 gold pieces at shops.

Inventory:

Hand Weapons
 a - a +0 war axe (weapon)
Missiles
 l - 3 javelins (quivered)
 L - a throwing net
Armour
 b - a +0 scale mail (worn)
 c - a +0 buckler (worn)
 f - a +2 pair of gloves (worn)
   (You found it on level 1 of the Dungeon)
 n - a +0 cloak (worn)
   (You found it on level 2 of the Dungeon)
 v - a scarf of harm
   (You found it on level 6 of the Dungeon)
Jewellery
 i - a ring of see invisible
   (You found it on level 3 of the Dungeon)
 k - a ring of resist corrosion
   (You found it on level 3 of the Dungeon)
 o - a ring of poison resistance (left hand)
   (You found it on level 2 of the Dungeon)
 p - a +4 ring of protection (right hand)
   (You found it on level 7 of the Dungeon)
 s - an amulet of guardian spirit
   (You found it on level 3 of the Dungeon)
 y - an amulet of the acrobat
   (You found it on level 4 of the Dungeon)
 A - an amulet of regeneration (around neck)
   (You took it off a hobgoblin on level 4 of the Dungeon)
Wands
 D - a wand of iceblast (8)
   (You found it on level 6 of the Dungeon)
Scrolls
 e - a scroll of enchant armour
 m - 2 scrolls of immolation
 r - a scroll of identify
 t - 8 scrolls of teleportation
 z - a scroll of blinking
 C - a scroll of fear
 E - a scroll of brand weapon
 F - a scroll of enchant weapon
 I - 2 scrolls of fog {unknown}
 J - 2 scrolls of poison {unknown}
Potions
 d - 3 potions of might
 g - 2 potions of heal wounds {unknown}
 h - a potion of haste
 j - a potion of berserk rage {unknown}
 q - 6 potions of curing
 u - a potion of cancellation {unknown}
 w - a potion of flight {unknown}
 x - 3 potions of attraction {unknown}
 B - 2 potions of degeneration {unknown}
 G - 2 potions of lignification {unknown}
 H - a potion of mutation {unknown}
 K - 2 potions of magic {unknown}


   Skills:
 + Level 7.7(12.7) Fighting
 * Level 10.0(15.0) Axes
 + Level 7.8(12.8) Armour
 - Level 3.6(8.6) Shields
 + Level 4.9 Invocations
 + Level 1.8 Evocations


You had 8 spell levels left.
You didn't know any spells.
Your spell library was empty.

Dungeon Overview and Level Annotations

Branches:
Dungeon (8/15)             Temple (0/1) D:6           Sewer (visited)
   Lair: D:8-11

Altars:
Makhleb
Okawaru
The Shining One

Shops:
D:2 ?


Innate Abilities, Weirdness & Mutations

You have a pair of horns on your head.
You reflexively headbutt those who attack you in melee.


Message History

The yak is engulfed in a cloud of scalding steam.
You see here 5 gold pieces.
Okay, then.
You gain the combat prowess of a mighty hero.
The yak is engulfed in a cloud of scalding steam.
The yak gores you.
The yak is engulfed in a cloud of scalding steam. x2
You hit the yak.
The yak is lightly wounded.
You hit the yak. You hit the steam dragon. You slash the yak!
Your headbutt misses the yak.
The yak is moderately wounded.
You hit the yak. You hit the steam dragon.
The steam dragon bites you but does no damage.
You block the steam dragon's attack. The yak closely misses you.
The yak barely misses you. You furiously retaliate!
You headbutt the yak! You hit the yak.
The yak is heavily wounded.
You hit the yak. You barely miss the steam dragon. You slash the yak!
The steam dragon breathes steam at you. The ball of steam hits you.
The yak is engulfed in a cloud of scalding steam.
The yak gores you but does no damage. The yak gores you.
The yak closely misses you.
The yak is engulfed in a cloud of scalding steam.
You hit the yak.
The yak is severely wounded.
You hit the yak.
You hit the steam dragon but do no damage.
You barely miss the yak.
You are engulfed in a cloud of scalding steam.
The steam dragon breathes steam at you. The ball of steam misses you.
The yak completely misses you. You furiously retaliate!
You headbutt the yak.
The yak is engulfed in a cloud of scalding steam.
The yak gores you! x2
* * * LOW HITPOINT WARNING * * *
You are too injured to fight recklessly!
You are too injured to fight recklessly!
You hit the steam dragon.
The steam dragon is moderately wounded.
You slash the yak! You barely miss the yak. You hit the yak. You slash the yak!
You kill the yak!
Okawaru accepts your kill.
You are engulfed in a cloud of scalding steam.
* * * LOW HITPOINT WARNING * * *
The steam dragon closely misses you. You furiously retaliate!
You headbutt the steam dragon!
The steam dragon claws you but does no damage.
You block the yak's attack. The yak closely misses you.
The yak gores you but does no damage.
You slash the steam dragon! Your headbutt misses the steam dragon.
The steam dragon is almost dead.
You hit the yak. You barely miss the yak. You hit the yak but do no damage.
You are engulfed in a cloud of scalding steam.
* * * LOW HITPOINT WARNING * * *
The steam dragon bites you but does no damage.
The steam dragon claws you but does no damage.
The yak is engulfed in a cloud of scalding steam.
The yak gores you.
* * * LOW HITPOINT WARNING * * *
The yak gores you but does no damage.
The yak is engulfed in a cloud of scalding steam.
The yak gores you but does no damage.
The yak is engulfed in a cloud of scalding steam.
You block the yak's attack.
The yak is engulfed in a cloud of scalding steam.
The yak attacks as you move away! You block the yak's attack.
The yak is engulfed in a cloud of scalding steam.
You block the yak's attack.
You slash the steam dragon!
You kill the steam dragon!
Okawaru accepts your kill.
You hit the yak. You slice the yak!!
You kill the yak!
Okawaru accepts your kill.
Okawaru will now gift you throwing weapons as you gain piety.
You closely miss the yak. Your headbutt misses the yak.
The yak is almost dead.
You hit the yak. You block the yak's attack.
The yak gores you but does no damage.
You slash the yak!
You kill the yak!
Okawaru accepts your kill.
You completely miss the yak. You block the yak's attack.
You hit the yak. You headbutt the yak, but do no damage.
The yak is moderately wounded.
You slash the yak! The yak gores you!
* * * LOW HITPOINT WARNING * * *
The yak gores you but does no damage. The yak attacks as you move away!
You block the yak's attack.
You slash the yak!
You kill the yak!
Okawaru accepts your kill.
Your base Axes skill increases to level 10!
You hit the yak. You headbutt the yak.
The yak is heavily wounded.
The yak gores you!
You die...

####### #.....### #
#........
##.##.....#
#...<..§§.# #
######.#####.###..
........$.Y@.......
###!....†.#####.#..
............
..........###
..........#
.....###### #####


You could see a yak.

Vanquished Creatures
  Grinder (D:4)
  Sigmund (D:5)
  4 yaks (D:8)
  A steam dragon (D:8)
  Menkaure (D:4)
  An acid dragon (D:7)
  2 water moccasins
  An ice beast (D:6)
  A kobold brigand (D:7)
  3 bullfrogs
  2 scorpions
  A howler monkey (D:6)
  3 jellies
  2 orc priests (D:7)
  2 gnoll boudas (D:7)
  Natasha (twice) (D:3)
  4 iguanas
  An orc wizard (D:7)
  8 gnolls (D:7)
  18 adders
  5 river rats (Sewer)
  A white imp (D:7)
  2 worms
  13 dart slugs
  8 orcs
  11 ball pythons
  7 bats
  10 endoplasms
  7 giant cockroaches
  6 goblins
  4 hobgoblins
  3 jackals (D:3)
  15 kobolds
  4 quokkas
  6 frilled lizards
  24 rats
185 creatures vanquished.

Notes
Turn   | Place    | Note
-------+----------+-------------------------------------------
     0 | D:1      | Flugkiller the Minotaur Fighter began the quest for the
                  | Orb.
     0 | D:1      | Reached XP level 1. HP: 19/19 MP: 0/0
   162 | D:1      | Reached skill level 3 in Axes
   162 | D:1      | Reached XP level 2. HP: 27/27 MP: 1/1
   663 | D:2      | Reached XP level 3. HP: 33/33 MP: 2/2
   739 | D:2      | Found a glowing golden altar of the Shining One.
   745 | D:2      | Found Xuvvihiy's Magic Scroll Boutique.
   759 | D:2      | Bought a scroll of identify for 24 gold pieces
   846 | D:2      | Found a faded altar of an unknown god.
  1133 | D:2      | Reached skill level 4 in Axes
  1551 | D:3      | Reached XP level 4. HP: 35/40 MP: 3/3
  1919 | D:3      | Found an iron altar of Okawaru.
  2025 | D:3      | Became a worshipper of Warmaster Okawaru
  2046 | D:3      | Noticed Natasha
  2052 | D:3      | Killed Natasha
  2053 | D:3      | Reached XP level 5. HP: 36/47 MP: 2/4
  2636 | D:3      | Noticed Natasha
  2648 | D:3      | Killed Natasha
  2649 | D:3      | Reached skill level 5 in Axes
  2735 | D:4      | Reached skill level 1 in Invocations
  2821 | D:4      | Noticed Grinder
  2826 | D:4      | Paralysed by Grinder for 5 turns
  2845 | D:4      | Killed Grinder
  2846 | D:4      | Reached skill level 5 in Fighting
  2846 | D:4      | Reached skill level 6 in Axes
  2846 | D:4      | Reached skill level 5 in Armour
  2846 | D:4      | Reached XP level 6. HP: 15/56 MP: 1/6
  3095 | D:4      | Noticed Menkaure
  3101 | D:4      | Killed Menkaure
  3101 | D:4      | Reached * piety under Okawaru
  3102 | D:4      | Reached XP level 7. HP: 26/61 MP: 2/7
  3824 | D:5      | Entered Level 5 of the Dungeon
  3824 | D:5      | Noticed Sigmund
  3828 | D:5      | Killed Sigmund
  3829 | D:5      | Reached skill level 7 in Axes
  4002 | D:5      | Found a glowing drain.
  4014 | Sewer    | Entered a sewer
  4208 | Sewer    | Reached XP level 8. HP: 53/70 MP: 9/9
  4530 | D:5      | Found a burning altar of Makhleb.
  4671 | D:6      | Reached skill level 8 in Axes
  4760 | D:6      | Reached ** piety under Okawaru
  4898 | D:6      | Found a staircase to the Ecumenical Temple.
  5137 | D:7      | Reached skill level 9 in Axes
  5545 | D:7      | Reached XP level 9. HP: 79/79 MP: 11/11
  5650 | D:7      | Reached skill level 1 in Evocations
  5730 | D:8      | Reached *** piety under Okawaru
  5736 | D:8      | Reached skill level 10 in Axes
  5737 | D:8      | Slain by a yak

Illustrated notes

Levels and vault maps discovered:
D:1:      tarquinn_simple_flora_water_b, layout_rooms, minmay_tetromino_t4
D:2:      layout_basic, serial_shops, nicolae_shop_advertising_works
          [nicolae_subvault_shop_adworks], ebering_ecumenical_altar_webs,
          basic_altar
D:3:      kennysheep_slugbush, layout_loops_corners, okawaru_gym_becter,
          minmay_randomly_rotated_circles, uniq_natasha
D:4:      layout_loops_ring, uniq_menkaure, uniq_grinder
D:5:      layout_rooms, mainiacjoe_overflow_boulevard, gup_sewer_entry_pipe,
          uniq_sigmund
D:6:      layout_rooms, minmay_temple_entry_glassed_door
D:7:      layout_gridville
D:8:      layout_basic, special_room [special_room_orc], enter_ossuary_5

Skill      XL: |  1  2  3  4  5  6  7  8  9 |
---------------+----------------------------+-----
Axes           | 3 4 6 7 9 10 | 10.0
Armour         | 4 5 6 7 |  7.8
Fighting       | 4 5 6 7 |  7.7
Invocations    | 1 2 3 4 |  4.9
Evocations     | 1 |  1.8
Shields        | |  3.6

Action                   |  1- 3 |  4- 6 |  7- 9 || total
-------------------------+-------+-------+-------++-------
Melee: War axe           |    85 |   103 |   216 ||   404
       Headbutt          |    13 |     8 |    37 ||    58
Invok: Heroism           |       |       |     4 ||     4
Evoke: Wand              |       |       |     1 ||     1
  Use: Scroll            |       |       |    13 ||    13
Armor: Scale mail        |    57 |    69 |   146 ||   272
Dodge: Dodged            |    52 |    45 |   127 ||   224
Block: Buckler           |    23 |    20 |    67 ||   110

Table legend: (Time is in decaauts)
 A = Elapsed time spent in this place.
 B = Non-inter-level travel time spent in this place.
 C = Inter-level travel time spent in this place.
 D = Time resting spent in this place.
 E = Time spent auto-exploring this place.
 F = Levels seen in this place.
 G = Mean time per level.
                   A        B        C        D        E       F      G
               +--------+--------+--------+--------+--------+-----+--------+
         Total |   5882 |   5606 |    276 |    289 |   4226 |   9 |  653.6 |
       Dungeon |   5594 |   5318 |    276 |    289 |   4072 |   8 |  699.2 |
         Sewer |    287 |    287 |      0 |      0 |    154 |   1 |  287.0 |
               +--------+--------+--------+--------+--------+-----+--------+

Top non-repeatable levels by time:
     D:3: 1275 daAuts
     D:4: 1123 daAuts
     D:2: 865 daAuts
     D:7: 705 daAuts
     D:1: 643 daAuts
     D:5: 569 daAuts
     D:6: 392 daAuts
   Sewer: 287 daAuts
     D:8: 18 daAuts
